 Dungeon Crawl Stone Soup version 0.25-a0-479-g8579842fd4 (webtiles) character file.

Game seed: 7349708497404102803, levelgen mode: deterministic

234 Notrik the Skirmisher (level 6, -3/57 HPs)
             Began as a Hill Orc Berserker on Feb 9, 2020.
             Was a Believer of Trog.
             Slain by a centaur (6 damage)
             ... on level 3 of the Dungeon.
             The game lasted 00:03:36 (2933 turns).

Notrik the Skirmisher (Hill Orc Berserker)          Turns: 2933, Time: 00:03:36

Health: -3/57      AC:  3    Str: 22    XL:     6   Next: 5%
Magic:  6/6        EV: 12    Int:  7    God:    Trog [**....]
Gold:   131        SH:  0    Dex: 10    Spells: 5/5 levels left

rFire    . . .     SeeInvis .   a - +0 hand axe
rCold    . . .     Gourm    .   (no shield)
rNeg     . . .     Faith    .   b - +0 animal skin
rPois    .         Spirit   .   m - +0 helmet
rElec    .         Reflect  .   (no cloak)
rCorr    .         Harm     .   (no gloves)
MR       .....                  (no boots)
Stlth    +.........             (no amulet)
HPRegen  0.19/turn              (no ring)
MPRegen  0.10/turn              (no ring)

@: no status effects
A: no striking features
a: Berserk, Trog's Hand, Renounce Religion


You were on level 3 of the Dungeon.
You worshipped Trog.
Trog was pleased with you.
You were hungry.

You visited 1 branch of the dungeon, and saw 3 of its levels.

You collected 131 gold pieces.

Inventory:

Hand Weapons
 a - a +0 hand axe (weapon)
Armour
 b - a +0 animal skin (worn)
 m - a +0 helmet (worn)
   (You found it on level 3 of the Dungeon)
Jewellery
 i - an uncursed ring of magical power {unknown}
   (You found it on level 1 of the Dungeon)
Scrolls
 d - 4 scrolls of immolation {unknown}
 f - 3 scrolls of teleportation {unknown}
 g - 3 scrolls of magic mapping {unknown}
 j - 4 scrolls of identify {unknown}
 k - 3 scrolls of remove curse {unknown}
 n - a scroll of fear {unknown}
Potions
 c - a potion of cancellation {unknown}
 h - a potion of degeneration {unknown}
 l - 3 potions of curing {unknown}
 o - a potion of lignification {unknown}
Comestibles
 e - 3 rations {!d}


   Skills:
 * Level 6.1 Fighting
 + Level 5.5 Axes
 + Level 3.8 Armour
 - Level 1.5 Dodging


You had 5 spell levels left.
You didn't know any spells.
Your spell library was empty.

Dungeon Overview and Level Annotations

Branches:
Dungeon (3/15)

Altars:

Portals:
Abyss: D:1***


Message History

You hit the bullfrog but do no damage. The bullfrog closely misses you.
The bullfrog barely misses you.
You miss the bullfrog. The bullfrog closely misses you.
You closely miss the bullfrog. The bullfrog misses you. The bullfrog hits you.
You closely miss the bullfrog. The bullfrog closely misses you.
You slash the bullfrog!
You kill the bullfrog!
Trog accepts your kill.
Your Fighting skill increases to level 6!
You have reached level 6!
Your experience leads to an increase in your attributes!
Increase (S)trength, (I)ntelligence, or (D)exterity?
You feel stronger.
You start resting.
There is an open door, spattered with blood here.
d - 4 scrolls labeled PYTRIA GOAS (gained 1)
There is an open door here.
Found a stone staircase leading up.
You are feeling hungry.
Found a puce potion.
l - 3 puce potions (gained 1)
Found a ration.
Found a stone staircase leading down.
A centaur comes into view.
A centaur is nearby!
A centaur is nearby!
A centaur is nearby!
The centaur shouts!
The centaur wields a +0 shortbow.
The centaur shoots an arrow.
The arrow hits you!
The centaur shoots an arrow.
The arrow hits you!
You see here an arrow.
The centaur shoots an arrow.
The arrow barely misses you.
The centaur unwields a +0 shortbow.
The centaur hits you! The centaur closely misses you.
You slash the centaur! The centaur hits you.
* * * LOW HITPOINT WARNING * * *
You are too injured to fight recklessly!
You hit the centaur. The centaur hits you!
* * * LOW HITPOINT WARNING * * *
The centaur hits you!
* * * LOW HITPOINT WARNING * * *
You hit the centaur but do no damage. The centaur completely misses you.
You hit the centaur. The centaur barely misses you. The centaur hits you.
* * * LOW HITPOINT WARNING * * *
You barely miss the centaur. The centaur hits you.
* * * LOW HITPOINT WARNING * * *
You hit the centaur but do no damage.
The centaur hits you but does no damage.
The centaur hits you.
You die...

##### #######
....############.....#
............. ..>....#
.....##########......#
.....# #...(%.#......#
.....# #.#...(..@c...#
.....# #.#.##.#......#
.....###.#.#..#......#
.......#.#.#..#.###+##
###..#.#.#.##.#..
###....#.#....#..
..............#...
####.<........#...
.........#.......


You could see a centaur.

Vanquished Creatures
  A bullfrog (D:3)
  2 orc priests (D:2)
  Natasha (twice) (D:3)
  2 adders (D:2)
  A worm (D:2)
  A leopard gecko (D:1)
  An orc (D:2)
  6 giant cockroaches
  3 hobgoblins
  2 jackals (D:1)
  A quokka (D:2)
  2 ball pythons (D:2)
  5 bats
  4 goblins
  3 kobolds
  4 rats
40 creatures vanquished.

Notes
Turn   | Place    | Note
-------+----------+-------------------------------------------
     0 | D:1      | Notrik the Hill Orc Berserker began the quest for the Orb.
     0 | D:1      | Reached XP level 1. HP: 19/19 MP: 1/1
   333 | D:1      | Reached XP level 2. HP: 20/27 MP: 2/2
   376 | D:1      | Reached skill level 4 in Fighting
  1054 | D:2      | Reached XP level 3. HP: 10/34 MP: 3/3
  1417 | D:2      | Reached ** piety under Trog
  1574 | D:2      | Reached skill level 5 in Fighting
  1574 | D:2      | Reached XP level 4. HP: 27/42 MP: 4/4
  1959 | D:2      | Reached skill level 5 in Axes
  2342 | D:3      | Noticed Natasha
  2352 | D:2      | Reached XP level 5. HP: 39/48 MP: 5/5
  2430 | D:3      | Killed Natasha
  2447 | D:3      | Noticed Natasha
  2456 | D:3      | Killed Natasha
  2747 | D:3      | Reached skill level 6 in Fighting
  2747 | D:3      | Reached XP level 6. HP: 31/57 MP: 6/6
  2933 | D:3      | Slain by a centaur

Levels and vault maps discovered:
D:1:      minmay_arrival_glassed_features, layout_loops_ring, minivault_24,
          chequers_serial_rivers_micro_d, glass_columns_a
D:2:      layout_loops_ring, grunt_decor_cap
D:3:      layout_basic, first_ration, nicolae_dithmenos_shadow_blocks,
          uniq_natasha

Skill      XL: |  1  2  3  4  5 |
---------------+----------------+-----
Fighting       | 4 5 6 |  6.1
Armour         | 3 |  3.8
Axes           | 5 |  5.5
Dodging        | |  1.5

Action                   |  1- 3 |  4- 6 || total
-------------------------+-------+-------++-------
Melee: Hand axe          |    98 |    85 ||   183
Invok: Trog's Hand       |     1 |       ||     1
       Berserk           |       |     1 ||     1
  Eat: Chunk             |     2 |     5 ||     7
Armor: Animal skin       |    12 |    19 ||    31
Dodge: Dodged            |    70 |    70 ||   140

Table legend:
 A = Non-vault XP
 B = Vault XP
 C = Vault XP percentage of total XP
 D = Non-vault monster count
 E = Vault monster count
 F = Vault count percentage of total count
                 A         B        C        D         E       F
            +---------+---------+-------+---------+---------+-------
      Total |     300 |      35 |  10.4 |      39 |       1 |   2.5
            +---------+---------+-------+---------+---------+-------
        D:1 |      20 |       0 |   0.0 |      13 |       0 |   0.0
        D:2 |     148 |       0 |   0.0 |      24 |       0 |   0.0
        D:3 |     132 |      35 |  21.0 |       2 |       1 |  33.3
            +---------+---------+-------+---------+---------+-------
